 Dungeon Crawl Stone Soup version v3.01-hellcrawl-74-g7a863a7 (webtiles) character file.

4093 severenz the Grappler (level 11, -7/92 HPs)
             Began as a Ghoul Fighter on Apr 17, 2017.
             Was an Elder of Cheibriados.
             Mangled by an orc knight
             ... wielding a +0 war axe
              (8 damage)
             ... in a bailey.
             The game lasted 00:25:18 (7929 turns).

severenz the Grappler (Ghoul Fighter)               Turns: 7929, Time: 00:25:18

Health: -7/92      AC: 15 (39%)Str: 35  XL:     11   Next: 77%
Magic:  13/13      EV: 12    Int: 13    God:    Cheibriados [****..]
Gold:   811        SH: 13    Dex: 20    Spells: 10/10 levels left

rFire    . . .     SeeInvis .     - Unarmed
rCold    + . .     Faith    .   b - +0 shield
rNeg     + + +     Spirit   .   l - +0 plate armour
rPois    ∞         Reflect  .   A - +2 hat
rElec    .                      (no cloak)
rCorr    .                      (no gloves)
MR       .....                  (no boots)
Stlth    ..........             (no amulet)
Regen    0.0/turn               B - +3 ring of strength
MPRegen  0.2/turn               (no ring)

@: very slow
A: hp from kills, claws 1, cold resistance 1, negative energy resistance 3,
inhibited regeneration, torment resistance, unbreathing
a: Bend Time, Temporal Distortion, Slouch, Renounce Religion


You were in a bailey.
You worshipped Cheibriados.
Cheibriados was greatly pleased with you.
You were not hungry.

You visited 1 branch of the dungeon, and saw 11 of its levels.
You also visited: Bailey.

You collected 811 gold pieces.

Inventory:

Hand Weapons
 v - a +0 hand crossbow of flaming
Missiles
 d - 2746 stones (quivered)
 h - 345 bolts
 i - 995 arrows
 m - 378 sling bullets
 r - 49 poisoned darts
 s - 182 tomahawks
Armour
 a - a +0 scale mail
 b - a +0 shield (worn)
 f - a +0 chain mail
 l - a +0 plate armour (worn)
 A - a +2 hat (worn)
Jewellery
 B - a +3 ring of strength (left claw)
 D - an uncursed amulet of faith
Wands
 x - a wand of iceblast (5)
 E - a wand of disintegration (7)
Scrolls
 e - 2 scrolls of amnesia
 g - 4 scrolls of enchant armour
 j - 3 scrolls of teleportation
 o - a scroll of blinking
 q - 2 scrolls of immolation
 u - a scroll of fear
 w - a scroll of magic mapping
 y - a scroll of silence
 C - a scroll of torment
 F - a scroll of enchant weapon
Potions
 c - 2 potions of might
 k - 6 potions of flight
 n - a potion of resistance
 p - 5 potions of curing
 t - a potion of heal wounds
 z - 3 potions of agility


   Skills:
 - Level 7.5 Fighting
 + Level 8.1 Armour
 + Level 7.4 Dodging
 + Level 7.9 Shields
 + Level 10.1 Unarmed Combat
 + Level 4.9 Invocations


You had 10 spell levels left.
You didn't know any spells.

Dungeon Overview and Level Annotations

Branches:
Dungeon (11/15)

Altars:
Cheibriados
Dithmenos
Elyvilon
Gozag
Hepliaklqana
Kikubaaqudgha
Makhleb
Nemelex Xobeh
Okawaru
Qazlal
Ru
Sif Muna
Trog
Uskayaw
Vehumet
Xom
Yredelemnul
Zin
The Shining One
Jiyva

Shops:
D:6 }


Innate Abilities, Weirdness & Mutations

You restore health by killing enemies.
You are immune to poison.
You have sharp fingernails.
Your flesh is cold resistant. (rC+)
You are immune to negative energy. (rN+++)
You do not regenerate when monsters are visible.
You are immune to unholy pain and torment.
You can survive without breathing.


Message History

The orc knight is severely wounded.
The orc warrior no longer looks unusually strong.
The orc knight hits you with a +0 war axe (11)!
You block the orc warrior's attack.
You closely miss the orc knight.
The orc knight is severely wounded.
The orc knight closely misses you.
You claw the orc knight (9)!
The orc knight is almost dead.
The orc warrior barely misses you.
The orc knight roars a battlecry!
The orc warrior goes into a battle-frenzy!
The orc warrior hits you with a +0 war axe (26)!!
* * * LOW HITPOINT WARNING * * *
The orc knight hits you with a +0 war axe (3).
* * * LOW HITPOINT WARNING * * *
The orc warrior hits you with a +0 broad axe (11)!
* * * LOW HITPOINT WARNING * * *
The orc knight hits you with a +0 war axe (8)!
You die...

.#############
.............####
#...........##
##'#.........##
#((#....⌠.....#
#)o###.......#
##'####.o@.#.....###
......).o###).....#≈≈
####'####..#†))..≈≈≈≈≈≈ ##
#.......####.≈≈≈≈≈≈≈≈≈≈
≈≈K#....Kg.#∩≈≈≈≈≈≈≈....##
≈≈≈#########≈≈≈≈≈......##
≈≈≈≈≈≈≈≈≈≈≈≈≈........##
#≈≈≈≈≈≈≈≈≈........###
#.............####


You could see an orc knight and 2 orc warriors.

Vanquished Creatures
  An ugly thing (D:10)
  Joseph (D:7)
  3 spiny frogs
  6 trolls
  5 blink frogs (D:10)
  Prince Ribbit (D:7)
  A meliai zombie (D:9)
  19 yaks
  2 wyverns (D:9)
  An angry ghost (D:7)
  Menkaure (D:7)
  An acid dragon (D:10)
  A water moccasin (D:8)
  A spiny frog skeleton (D:10)
  3 ice beasts
  7 orc warriors
  A phantom (D:7)
  4 ogres
  A blink frog zombie (D:9)
  A black bear (D:8)
  5 centaurs
  2 bullfrogs
  A wyvern zombie (D:6)
  A wyvern skeleton (D:8)
  2 scorpions
  A water moccasin skeleton (D:8)
  5 crimson imps
  9 wights
  3 howler monkeys
  3 centaur zombies
  A bullfrog zombie (D:7)
  A jelly (D:4)
  A hound (D:9)
  6 orc wizards
  A bullfrog skeleton (D:5)
  A centaur skeleton (D:10)
  5 worker ants
  An iguana (D:9)
  4 hound skeletons
  5 gnolls
  6 adders
  2 shadow imps
  An ooze (D:1)
  An adder skeleton (D:4)
  17 orcs
  5 quokkas
  3 giant cockroaches
  10 goblins
  11 hobgoblins
  7 jackals
  3 ball pythons
  13 bats
  6 frilled lizards
  13 kobolds
  10 rats
227 creatures vanquished.

Vanquished Creatures (others)
  A kobold (Bailey)
1 creature vanquished.

Grand Total: 228 creatures vanquished

Notes
Turn   | Place    | Note
-------+----------+-------------------------------------------
     0 | D:1      | severenz the Ghoul Fighter began the quest for the Orb.
     0 | D:1      | Reached XP level 1. HP: 19/19 MP: 0/0
   121 | D:1      | Reached XP level 2. HP: 20/26 MP: 1/1
   127 | D:1      | Reached skill level 3 in Unarmed Combat
   306 | D:1      | Reached XP level 3. HP: 20/31 MP: 2/2
   514 | D:1      | Reached skill level 4 in Unarmed Combat
   632 | D:2      | Found a shimmering altar of Xom.
   632 | D:2      | Found a shimmering altar of Xom.
   632 | D:2      | Found a hide-covered altar of Uskayaw.
   632 | D:2      | Found a faded altar of an unknown god.
   632 | D:2      | Found a shimmering altar of Xom.
   632 | D:2      | Found a viscous altar of Jiyva.
   632 | D:2      | Found a shimmering altar of Xom.
   632 | D:2      | Found a shimmering altar of Xom.
   632 | D:2      | Found a shimmering altar of Xom.
   694 | D:2      | Found an opulent altar of Gozag.
   750 | D:2      | Found a basalt altar of Yredelemnul.
   800 | D:2      | Reached XP level 4. HP: 20/38 MP: 3/3
   812 | D:2      | Reached skill level 5 in Unarmed Combat
  1168 | D:2      | Found a white marble altar of Elyvilon.
  1179 | D:2      | Found a burning altar of Makhleb.
  1447 | D:3      | Reached XP level 5. HP: 44/45 MP: 4/4
  1821 | D:3      | Found a glowing silver altar of Zin.
  1822 | D:3      | Noticed an angel
  1851 | D:3      | Found a glowing golden altar of the Shining One.
  1947 | D:4      | Reached skill level 6 in Unarmed Combat
  1960 | D:4      | Found a sacrificial altar of Ru.
  2106 | D:4      | Found a bloodstained altar of Trog.
  2272 | D:4      | Reached XP level 6. HP: 40/51 MP: 5/5
  2285 | D:4      | Found a radiant altar of Vehumet.
  2494 | D:5      | Entered Level 5 of the Dungeon
  2527 | D:5      | Reached skill level 7 in Unarmed Combat
  2598 | D:5      | Reached skill level 8 in Unarmed Combat
  2598 | D:5      | Reached XP level 7. HP: 57/57 MP: 6/6
  2732 | D:5      | Found a hide-covered altar of Uskayaw.
  2745 | D:5      | Found a hazy altar of Hepliaklqana.
  2782 | D:5      | Found a snail-covered altar of Cheibriados.
  2790 | D:5      | Became a worshipper of Cheibriados the Contemplative
  2847 | D:5      | Reached skill level 1 in Dodging
  2860 | D:5      | Found a snail-covered altar of Cheibriados.
  3153 | D:6      | Found a shimmering altar of Xom.
  3389 | D:6      | Reached XP level 8. HP: 61/63 MP: 7/7
  3494 | D:6      | Reached * piety under Cheibriados
  3554 | D:6      | Found Couch's Gadget Shoppe.
  3771 | D:6      | Found a stormy altar of Qazlal.
  3799 | D:6      | Found a deep blue altar of Sif Muna.
  3836 | D:6      | Found an iron altar of Okawaru.
  4076 | D:7      | Noticed Joseph
  4097 | D:7      | Killed Joseph
  4097 | D:7      | Reached skill level 9 in Unarmed Combat
  4160 | D:7      | Found a sparkling altar of Nemelex Xobeh.
  4168 | D:7      | Noticed Prince Ribbit
  4177 | D:7      | Killed Prince Ribbit
  4177 | D:7      | Reached XP level 9. HP: 61/70 MP: 8/8
  4208 | D:7      | Reached skill level 5 in Shields
  4281 | D:7      | Reached skill level 5 in Armour
  4284 | D:7      | Reached ** piety under Cheibriados
  4413 | D:7      | Noticed Menkaure
  4420 | D:7      | Killed Menkaure
  4631 | D:7      | Found a shadowy altar of Dithmenos.
  4740 | D:7      | Found a deep blue altar of Sif Muna.
  4750 | D:7      | Found an ancient bone altar of Kikubaaqudgha.
  5402 | D:8      | Reached skill level 5 in Dodging
  5436 | D:8      | Reached XP level 10. HP: 80/80 MP: 9/9
  5583 | D:8      | Noticed a spiny frog
  5592 | D:8      | Killed a spiny frog
  5592 | D:8      | Reached skill level 5 in Fighting
  5812 | D:9      | Reached *** piety under Cheibriados
  5887 | D:9      | Reached skill level 1 in Invocations
  5922 | D:9      | Noticed a spiny frog
  5930 | D:9      | Killed a spiny frog
  6493 | D:9      | Reached XP level 11. HP: 86/91 MP: 12/12
  6817 | D:10     | Entered Level 10 of the Dungeon
  6892 | D:10     | Reached **** piety under Cheibriados
  7066 | D:10     | Noticed a brown ugly thing
  7075 | D:10     | Killed a brown ugly thing
  7586 | D:10     | Reached skill level 10 in Unarmed Combat
  7798 | D:11     | Found a flagged portal.
  7808 | Bailey   | Entered a bailey
  7816 | Bailey   | Noticed an orc knight
  7929 | Bailey   | HP: 1/92 [orc warrior/+0 broad axe (11)]
  7929 | Bailey   | Mangled by an orc knight

Skill      XL: |  1  2  3  4  5  6  7  8  9 10 11 |
---------------+----------------------------------+-----
Unarmed Combat | 3 4 5 6 8 9 10 | 10.1
Armour         | 3 4 6 7 8 |  8.1
Dodging        | 2 3 5 6 7 |  7.4
Shields        | 3 4 6 7 |  7.9
Fighting       | 4 6 7 |  7.5
Invocations    | 3 4 |  4.9

Action                   |  1- 3 |  4- 6 |  7- 9 | 10-12 || total
-------------------------+-------+-------+-------+-------++-------
Melee: Unarmed           |   137 |   185 |   306 |   364 ||   992
Throw: Stone             |       |     4 |       |       ||     4
  Use: Potion            |       |     1 |       |     1 ||     2
       Scroll            |       |       |       |     1 ||     1
Armor: Scale mail        |    68 |    18 |       |       ||    86
       Plate armour      |       |   109 |   111 |   100 ||   320
Dodge: Dodged            |    42 |    32 |    48 |   143 ||   265
Block: Shield            |    64 |    84 |   123 |   212 ||   483
